 Dungeon Crawl Stone Soup version 0.23.2-33-g5129a83184 (webtiles) character file.

Game seed: 14005120913850723109

557727 shadizar the Hoplite (level 26, -11/194 HPs)
             Began as a Gargoyle Fighter on July 5, 2019.
             Was the Champion of Okawaru.
             Killed from afar by a Brimstone Fiend (43 damage)
             ... with damnation
             ... on level 3 of Gehenna on July 6, 2019.
             The game lasted 02:09:53 (51463 turns).

shadizar the Hoplite (Gargoyle Fighter)            Turns: 51463, Time: 02:09:53

Health: -11/194    AC: 66    Str: 31    XL:     26   Next: 53%
Magic:  39/39      EV: 17    Int:  6    God:    Okawaru [******]
Gold:   4507       SH: 28    Dex: 17    Spells: 25/25 levels left

rFire    + + +     SeeInvis +   O - +10 morningstar "Eos" {elec, Halo rElec}
rCold    + + .     Gourm    .   Q - +0 large shield {reflect}
rNeg     + + .     Faith    .   C - +3 gold dragon scales of Disaster {rPois rF+ rC+ Dex+3}
rPois    ∞         Spirit   .   W - +2 hat {MR+}
rElec    +         Reflect  +   E - +1 cloak of Awno {rF+ rN+ Stlth+}
rCorr    .         Harm     .   J - +5 pair of gloves of Puganaz {rF+ Stlth+}
MR       ++++.                  H - +2 pair of boots
Stlth    ..........             d - amulet of Vitality {Regen+ HP+15}
HPRegen  0.82/turn              g - ring of Figg {MR++ Int-4 Dex+9 SInv Stlth+}
MPRegen  0.26/turn              u - ring "Iluvep" {rC+ MP+9 Slay+3}

@: heroism, finesse, flying, glowing
A: big wings, clumsy 2, negative energy resistance 1, electricity resistance,
unbreathing, petrification resistance, rot immunity, AC +20
}: 3/15 runes: serpentine, barnacled, silver
a: Stop Flying, Heroism, Finesse, Renounce Religion


You were on level 3 of Gehenna.
You worshipped Okawaru.
Okawaru was exalted by your worship.
You were hungry.

You visited 11 branches of the dungeon, and saw 46 of its levels.
You visited the Abyss 1 time.
You also visited: Trove and Ossuary.

You collected 5842 gold pieces.
You spent 1335 gold pieces at shops.

Inventory:

Hand Weapons
 v - the +7 fustibalus of Descent {flame, rPois}
   (You found it on level 1 of the Depths)

   It causes projectiles fired from it to burn those they strike, causing extra
   injury to most foes and up to half again as much damage against particularly
   susceptible opponents.
   It protects you from poison.
 O - the +10 morningstar "Eos" (weapon) {elec, Halo rElec}
   (You found it on level 5 of the Vaults)

   Occasionally, upon striking a foe, it will discharge some electrical energy
   and cause terrible harm.
   It insulates you from electricity.
 V - a +9 vampiric demon whip
Armour
 b - a scarf of resistance
 j - a +1 large shield of cold resistance
 C - the +3 gold dragon scales of Disaster (worn) {rPois rF+ rC+ Dex+3}
   (Okawaru gifted it to you on level 1 of the Orcish Mines)

   It affects your dexterity (+3).
   It protects you from fire.
   It protects you from cold.
   It protects you from poison.
 E - the +1 cloak of Awno (worn) {rF+ rN+ Stlth+}
   (You found it on level 5 of the Dungeon)

   It protects you from fire.
   It protects you from negative energy.
   It makes you more stealthy.
 H - a +2 pair of boots (worn)
 J - the +5 pair of gloves of Puganaz (worn) {rF+ Stlth+}
   (Okawaru gifted it to you on level 5 of the Vaults)

   It protects you from fire.
   It makes you more stealthy.
 P - a +1 cloak of magic resistance
 Q - a +0 large shield of reflection (worn)
 W - a +2 hat of magic resistance (worn)
 Y - a +2 large shield
Jewellery
 d - the amulet of Vitality (around neck) {Regen+ HP+15}
   (You found it in a treasure trove)

   [amulet of regeneration]

   It affects your health (+15).
   It increases your rate of regeneration.
 e - the amulet "Ugypacum" {*Drain rF+++ Regen+ Str-3 Stlth+}
   (You found it in a treasure trove)

   [amulet of regeneration]

   It affects your strength (-3).
   It renders you almost immune to fire.
   It increases your rate of regeneration.
   It causes draining when unequipped.
   It makes you more stealthy.
 g - the ring of Figg (left hand) {MR++ Int-4 Dex+9 SInv Stlth+}
   (You found it in a treasure trove)

   [ring of see invisible]

   It affects your intelligence (-4).
   It affects your dexterity (+9).
   It affects your resistance to hostile enchantments.
   It lets you see invisible.
   It makes you more stealthy.
 t - the ring of Ythrail {rF++ rN+}
   (You found it in a treasure trove)

   [ring of positive energy]

   It greatly protects you from fire.
   It protects you from negative energy.
 u - the ring "Iluvep" (right hand) {rC+ MP+9 Slay+3}
   (You took it off a deep elf mage on level 13 of the Dungeon)

   [ring of magical power]

   It affects your accuracy and damage with ranged weapons and melee attacks
   (+3).
   It protects you from cold.
   It affects your magic capacity (+9).
 z - the ring of Yesterday {rF+ Str+5 Dex+3}
   (You found it in a treasure trove)

   [ring of protection from fire]

   It affects your strength (+5).
   It affects your dexterity (+3).
   It protects you from fire.
 D - an uncursed ring of resist corrosion
Wands
 q - a wand of disintegration (14)
 I - a wand of iceblast (52)
 S - a wand of clouds (5)
 U - a wand of digging (26)
Scrolls
 c - 5 scrolls of blinking
 k - 8 scrolls of enchant armour
 r - a scroll of enchant weapon
 s - a scroll of summoning
 B - 16 scrolls of identify
 G - 2 scrolls of teleportation
 K - 6 scrolls of magic mapping
 L - 3 scrolls of fog
 X - 16 scrolls of remove curse
Potions
 a - a potion of ambrosia
 h - 8 potions of might
 i - 4 potions of heal wounds
 l - 3 potions of resistance
 o - 4 potions of berserk rage
 p - 2 potions of brilliance
 w - 20 potions of curing
 y - 8 potions of haste
 A - a potion of cancellation
 Z - 9 potions of agility
Miscellaneous
 n - the horn of Geryon
 R - a phial of floods
Comestibles
 f - 67 rations
 m - 5 chunks of flesh


   Skills:
 + Level 21.8(26.8) Fighting
   Level 12.3(17.3) Long Blades
 + Level 20.6(25.6) Maces & Flails
 + Level 21.8(26.8) Armour
 * Level 9.6(14.6) Dodging
 - Level 0.2(5.2) Stealth
 + Level 22.0(27) Shields
 - Level 10.1 Invocations
 + Level 2.3 Evocations


You had 25 spell levels left.
You didn't know any spells.
Your spell library contained the following spells:

 Spells                   Type           Power        Failure   Level  Hunger
 Animate Skeleton         Necr           N/A          94%         1    ##.....
 Apportation              Tloc           #.....       94%         1    ##.....
 Confusing Touch          Hex            #.....       94%         1    ##.....
 Flame Tongue             Conj/Fire      #....        94%         1    ##.....
 Magic Dart               Conj           #...         94%         1    ##.....
 Sandblast                Erth           #.....       94%         1    ##.....
 Shock                    Conj/Air       #...         94%         1    ##.....
 Sting                    Conj/Pois      #...         94%         1    ##.....
 Summon Small Mammal      Summ           #...         94%         1    ##.....
 Blink                    Tloc           N/A          98%         2    ###....
 Call Imp                 Summ           #.......     98%         2    ###....
 Corpse Rot               Necr           N/A          98%         2    ###....
 Passwall                 Tmut/Erth      #.......     98%         2    ###....
 Slow                     Hex            #.......     98%         2    ###....
 Swiftness                Chrm/Air       #.......     98%         2    ###....
 Throw Flame              Conj/Fire      #.....       98%         2    ###....
 Throw Frost              Conj/Ice       #.....       98%         2    ###....
 Call Canine Familiar     Summ           #.......     100%        3    ####...
 Confuse                  Hex            #.......     100%        3    ####...
 Conjure Flame            Conj/Fire      #.......     100%        3    ####...
 Dazzling Spray           Conj/Hex       #.....       100%        3    ####...
 Gell's Gravitas          Tloc           #.........   100%        3    ####...
 Ignite Poison            Fire/Tmut/Pois #.......     100%        3    ####...
 Inner Flame              Hex/Fire       #.......     100%        3    ####...
 Mephitic Cloud           Conj/Pois/Air  #.......     100%        3    ####...
 Portal Projectile        Hex/Tloc       #.....       100%        3    ####...
 Recall                   Summ/Tloc      N/A          100%        3    ####...
 Static Discharge         Conj/Air       #.......     100%        3    ####...
 Stone Arrow              Conj/Erth      #.....       100%        3    ####...
 Summon Guardian Golem    Hex/Summ       #.......     100%        3    ####...
 Airstrike                Air            #.........   100%        4    #####..
 Animate Dead             Necr           N/A          100%        4    #####..
 Force Lance              Conj/Tloc      #.......     100%        4    #####..
 Ice Form                 Ice/Tmut       #.......     100%        4    #####..
 Leda's Liquefaction      Hex/Erth       #.........   100%        4    #####..
 Petrify                  Tmut/Erth      #.......     100%        4    #####..
 Sticky Flame             Conj/Fire      #.......     100%        4    #####..
 Summon Ice Beast         Ice/Summ       #.......     100%        4    #####..
 Summon Lightning Spire   Summ/Air       #.......     100%        4    #####..
 Bolt of Magma            Conj/Fire/Erth #.........   100%        5    ######.
 Borgnjor's Vile Clutch   Necr/Erth      #.........   100%        5    ######.
 Fireball                 Conj/Fire      #.........   100%        5    ######.
 Iskenderun's Battlesphe  Conj/Chrm      #.......     100%        5    ######.
 Lee's Rapid Deconstruct  Erth           #.........   100%        5    ######.
 Lightning Bolt           Conj/Air       #.........   100%        5    ######.
 Metabolic Englaciation   Hex/Ice        #.........   100%        5    ######.
 Venom Bolt               Conj/Pois      #.........   100%        5    ######.
 Yara's Violent Unravell  Hex/Tmut       #.........   100%        5    ######.
 Bolt of Cold             Conj/Ice       #.........   100%        6    #######
 Bolt of Fire             Conj/Fire      #.........   100%        6    #######
 Conjure Ball Lightning   Conj/Air       #.........   100%        6    #######
 Death Channel            Necr           #.........   100%        6    #######
 Dispersal                Tloc           #.........   100%        6    #######
 Freezing Cloud           Conj/Ice/Air   #.........   100%        6    #######
 Iron Shot                Conj/Erth      #.........   100%        6    #######
 Ozocubu's Refrigeration  Ice            #.........   100%        6    #######
 Simulacrum               Ice/Necr       #.........   100%        6    #######
 Orb of Destruction       Conj           #.........   100%        7    #######
 Ring of Flames           Chrm/Fire      #.........   100%        7    #######
 Spellforged Servitor     Conj/Summ      #.........   100%        7    #######
 Controlled Blink         Tloc           N/A          100%        8    #######
 Disjunction              Tloc           #.........   100%        8    #######
 Ignition                 Fire           #.........   100%        8    #######
 Shatter                  Erth           #.........   100%        9    #######
 Sublimation of Blood     Necr           Unusable     N/A         2    N/A
 Statue Form              Tmut/Erth      Unusable     N/A         6    N/A

Dungeon Overview and Level Annotations

Branches:
Dungeon (15/15)            Temple (1/1) D:6            Lair (6/6) D:11
 Shoals (4/4) Lair:3        Snake (4/4) Lair:4        Slime (0/5) Lair:6
    Orc (2/2) D:10            Elf (3/3) Orc:2        Vaults (5/5) D:14
  Crypt (0/3) Vaults:3     Depths (2/5) D:15           Hell (1/1)
    Dis (0/7) Hell            Geh (3/7) Hell            Coc (0/7) Hell
    Tar (0/7) Hell

Altars:
Ashenzari
Cheibriados
Dithmenos
Elyvilon
Fedhas
Gozag
Hepliaklqana
Kikubaaqudgha
Makhleb
Nemelex Xobeh
Okawaru
Qazlal
Ru
Sif Muna
Trog
Uskayaw
Vehumet
Wu Jian
Xom
Yredelemnul
Zin
The Shining One
Beogh

Shops:
D:12 [   Orc:2 ([?%   Elf:1 *?(=   Elf:2 *   Elf:3 ??(?=   Snake:4 *
Vaults:2 [   Vaults:3 }

Portals:
Hell: Depths:1 Depths:2
Pandemonium: Depths:1

Annotations:
D:2 1 runed translucent door, Crazy Yiuf, Sigmund
D:14 exclusion: orange crystal statue
Shoals:1 exclusion: Roxanne, Roxanne


Innate Abilities, Weirdness & Mutations

You are resistant to torment.
Your stone body is resilient. (AC +20)
You are immune to poison.
Your large and strong wings let you fly indefinitely.
You resist negative energy. (rN+)
You are resistant to electric shocks. (rElec)
You can survive without breathing.
You are immune to petrification.
You are immune to rotting.
You are very clumsy. (Dex -4)


Message History

The damnation engulfs the Brimstone Fiend.
The Brimstone Fiend completely resists.
The damnation engulfs the hellion.
The hellion completely resists.
You block the hellion's attack.
You hear a shout!
You hit the hellion but do no damage. You skewer the hellion like a kebab!!!
You kill the hellion!
Okawaru accepts your kill.
You block the Brimstone Fiend's attack. x2
The Brimstone Fiend hits you but does no damage.
The crimson imp closely misses you.
Items here: ))) [[ a +0 dagger; a +0 robe; a +2 broad axe; a +0 chain mail a bloodstained scimitar {god gift} You bludgeon the Brimstone Fiend!!
Lightning courses through the Brimstone Fiend!
The Brimstone Fiend is heavily wounded.
The Brimstone Fiend gestures at you.
The sphere of damnation explodes!
The damnation engulfs you!!!
You die...

...... §§§.. ....> ≈≈≈..
.... ≈§≈.. #... ≈≈... #..#
§.... #######5.#
.....######...#.#5#
#....#))))...)))@1#
.......))).#'##.#.#
...#)..##.##..##..# .
#....###....##.# .
##....+......#.# #.......
#...##......#.## ##......≈
....###....##..#####.......
##.###
##..##..............# ###
######..#.........#


You could see a Brimstone Fiend, a crimson imp and a white imp.

Vanquished Creatures
  An ancient lich (Vaults:5)
  Saint Roka (Orc:2)
  Vashnia (Snake:4)
  Xtahua (Vaults:5)
  The ghost of bananaglory the Slayer, a veteran BaAr of Zin (Vaults:4)
  Geryon (Hell)
  The ghost of Xaliud the Minotaur Blade, an adept MiGl of Gozag (Vaults:4)
  2 golden dragons (Vaults:5)
  A Brimstone Fiend (Geh:3)
  A tentacled monstrosity (Vaults:2)
  Rupert (D:14)
  Jorgrun (D:10)
  An Ice Fiend (Geh:3)
  2 deep elf blademasters (Elf:3)
  3 liches
  2 krakens
  A titan (Vaults:5)
  A deep elf master archer (Elf:3)
  An acid blob (shapeshifter) (Vaults:5)
  3 quicksilver dragons (Vaults:5)
  2 sphinxes
  Frances (Shoals:2)
  Agnes (Elf:3)
  4 shadow dragons (Vaults:5)
  5 tengu reavers
  5 storm dragons
  A revenant (Depths:1)
  Ilsuiw (Shoals:4)
  7 fire giants
  9 frost giants
  11 nagarajas
  Louise (Snake:2)
  2 iron dragons
  6 deep elf sorcerers
  5 balrugs
  2 orc warlords
  12 vault wardens
  A deep elf elementalist (Elf:3)
  9 ironheart preservers
  22 stone giants
  2 war gargoyles
  4 reapers (Hell)
  12 very ugly things
  2 vampire knights (Depths:2)
  9 deep elf annihilators
  10 deep elf demonologists
  A lorocyproca (Depths:1)
  9 deep elf death magi
  4 blizzard demons
  3 merfolk javelineers
  15 ettins
  4 fire dragons
  Snorg (D:13)
  7 ogre magi
  11 yaktaur captains
  Josephine (Shoals:1)
  6 deep elf high priests
  4 great orbs of eyes
  Harold (D:8)
  A quicksilver dragon skeleton (Hell)
  8 merfolk impalers
  9 ice dragons
  3 merfolk avatars
  32 vault guards
  Erolcha (D:12)
  6 hydras
  7 merfolk aquamancers
  A spriggan air mage (Depths:2)
  2 alligator snapping turtles (Shoals:4)
  7 anacondas
  3 centaur warriors
  19 naga warriors
  2 catoblepae
  A satyr (Shoals:3)
  31 two-headed ogres
  An alligator (shapeshifter) (Elf:1)
  29 dancing weapons
  3 death knights
  A satyr (shapeshifter) (Vaults:5)
  Erica (Orc:1)
  6 tengu warriors
  6 death yaks
  3 hell hogs (Geh:2)
  9 deep troll earth magi
  2 thrashing horrors (Abyss:3)
  4 orc high priests
  5 soul eaters
  39 hell knights
  11 naga sharpshooters
  2 spriggan berserkers (Depths:2)
  7 shock serpents
  9 sun demons
  30 deep elf knights
  3 deep troll shamans
  A wretched star (Abyss:3)
  6 salamander mystics
  A shadow wraith (Vaults:2)
  8 deep trolls
  A fire crab (D:15)
  21 sea snakes
  3 flayed ghosts
  An unseen horror (Vaults:1)
  An anaconda zombie (Hell)
  9 naga ritualists
  A harpy (shapeshifter) (Vaults:4)
  A swamp dragon (shapeshifter) (Vaults:1)
  25 necromancers
  18 deep elf archers
  10 mana vipers
  10 orc knights
  8 ironbrand convokers
  82 deep elf magi
  36 harpies
  2 golden dragon skeletons
  A fire giant zombie (Hell)
  A wolf spider zombie (Geh:3)
  37 ugly things
  7 orc sorcerers
  A mana viper (shapeshifter) (Vaults:5)
  2 shadow dragon skeletons
  3 wolf spiders
  4 phantasmal warriors
  10 salamanders
  8 fauns
  An iron dragon zombie (Geh:2)
  A dire elephant zombie (Geh:2)
  17 manticores
  A stone giant zombie (Vaults:4)
  7 cyclopes
  9 guardian serpents
  A rust devil (Hell)
  31 black mambas
  A wolf spider (shapeshifter) (Vaults:2)
  An elephant (shapeshifter) (Depths:2)
  19 naga magi
  24 spiny frogs
  A frost giant skeleton (Hell)
  A gargoyle (D:14)
  14 merfolk sirens
  12 vault sentinels
  An ice statue (Hell)
  12 water nymphs
  5 elephants (Lair:4)
  3 centaur skeletons
  4 freezing wraiths
  2 hellions
  12 komodo dragons
  A kobold demonologist (D:15)
  3 rime drakes
  29 yaktaurs
  4 tengu conjurers (Depths:2)
  A redback zombie (D:15)
  An anaconda simulacrum (Hell)
  An efreet (D:13)
  4 hydra zombies
  A yaktaur zombie (Vaults:4)
  A golden dragon simulacrum (Hell)
  3 small abominations
  8 red devils
  A troll (shapeshifter) (Vaults:2)
  A polar bear (shapeshifter) (D:15)
  A wolf spider simulacrum (Hell)
  24 merfolk
  12 trolls
  3 tyrant leeches (Lair:6)
  A large abomination (Abyss:3)
  2 polar bears (Lair:6)
  A tengu simulacrum (Vaults:4)
  A blink frog (shapeshifter) (Depths:1)
  2 ettin zombies
  A slime creature (shapeshifter) (Vaults:5)
  4 hornets
  9 dream sheep
  6 wind drakes
  17 slime creatures
  22 blink frogs
  17 snapping turtles
  A meliai zombie (D:15)
  9 flying skulls
  9 hippogriffs
  6 air elementals
  25 water elementals
  5 shadows
  5 wyverns
  A spriggan (Depths:2)
  12 fire elementals
  33 yaks
  10 wraiths
  2 golden eyes (shapeshifter)
  An ice dragon skeleton (Geh:1)
  A hog (D:9)
  3 basilisks (D:15)
  2 hungry ghosts
  11 vampire mosquitoes
  A steam dragon (shapeshifter) (Vaults:5)
  A human simulacrum (Vaults:3)
  Menkaure (D:4)
  50 nagas
  14 wargs
  A soldier ant (shapeshifter) (Elf:3)
  2 acid dragons
  10 hell hounds (Geh:2)
  A deep troll skeleton (Vaults:4)
  A floating eye (Depths:2)
  6 porcupines
  4 spiny frog zombies (Hell)
  4 water moccasins
  9 sky beasts
  8 black bears
  2 spiny frog skeletons (Hell)
  42 orc warriors
  3 ice beasts
  An eye of draining (D:13)
  2 phantoms
  33 ogres
  3 wolves (Lair:5)
  6 boggarts
  2 necrophages
  10 centaurs
  A centaur (shapeshifter) (Vaults:4)
  A crocodile (shapeshifter) (Vaults:3)
  10 crocodiles
  4 big kobolds
  5 gnoll sergeants
  A big kobold (shapeshifter) (Vaults:3)
  35 bullfrogs
  4 earth elementals
  5 scorpions
  2 water moccasin zombies (Ossuary)
  A wyvern skeleton (D:14)
  12 killer bees
  5 jellies
  19 wights
  6 howler monkeys
  11 electric eels
  17 crimson imps
  A bullfrog zombie (D:11)
  11 hounds
  41 orc priests
  46 orc wizards
  2 gnoll shamans (D:9)
  2 human zombies
  7 iguanas
  An iron imp (Depths:2)
  A jelly (shapeshifter) (Vaults:5)
  3 bullfrog skeletons
  Jessica (D:3)
  8 worker ants
  Natasha (twice) (D:2)
  9 hell rats
  2 big kobold zombies (Ossuary)
  5 hound zombies
  A hound skeleton (D:5)
  2 mummies (Ossuary)
  A howler monkey zombie (D:10)
  11 gnolls
  12 adders
  A river rat (D:11)
  2 shadow imps
  5 white imps (Geh:3)
  An ooze (D:2)
  6 adder zombies
  4 worms
  4 dart slugs
  8 leopard geckos
  96 orcs
  8 ball pythons
  7 bats
  9 giant cockroaches
  3 gnoll zombies (Ossuary)
  6 goblins
  5 hobgoblins
  11 jackals
  3 quokkas
  2 frilled lizards
  4 hobgoblin zombies (Ossuary)
  8 kobolds
  5 kobold zombies (Ossuary)
  An orc simulacrum (Hell)
  3 orc zombies (Ossuary)
  10 rats
  2 crawling corpses (Elf:3)
  A fire vortex (Geh:2)
  A fungus (Elf:3)
  6 tentacles
2108 creatures vanquished.

Vanquished Creatures (collateral kills)
  A naga warrior (Snake:1)
  A naga sharpshooter (Snake:1)
2 creatures vanquished.

Vanquished Creatures (others)
  A deep elf master archer (Elf:3)
  An ironheart preserver (Vaults:4)
  A stone giant (Depths:1)
  2 merfolk javelineers (Shoals:4)
  2 vault guards (Vaults:5)
  4 yaktaur captains
  An ogre mage (Vaults:4)
  A tengu warrior (D:13)
  A naga sharpshooter (Snake:2)
  Sonja (Lair:3)
  An unseen horror (D:14)
  A naga ritualist (Snake:4)
  2 deep elf archers
  4 deep elf magi
  An orc sorcerer (Vaults:4)
  2 manticores
  2 fauns
  11 yaktaurs
  3 nagas (Snake:4)
  An ogre (Depths:1)
  6 centaurs (D:14)
  A wight (Geh:2)
  5 hell rats (Hell)
  A gnoll (D:9)
  16 bushes (Depths:1)
  A crawling corpse (Elf:3)
  25 fungi
  44 plants
  10 tentacles
152 creatures vanquished.

Grand Total: 2262 creatures vanquished

Notes
Turn   | Place    | Note
-------+----------+-------------------------------------------
     0 | D:1      | shadizar the Gargoyle Fighter began the quest for the Orb.
     0 | D:1      | Reached XP level 1. HP: 14/14 MP: 1/1
   503 | D:1      | Reached XP level 2. HP: 19/19 MP: 2/2
   734 | D:2      | Noticed Sigmund
   885 | D:2      | Reached XP level 3. HP: 18/23 MP: 3/3
  1118 | D:2      | Noticed Natasha
  1131 | D:2      | Killed Natasha
  1132 | D:2      | Reached XP level 4. HP: 18/28 MP: 4/4
  1354 | D:2      | Found a faded altar of an unknown god.
  1469 | D:2      | Noticed Natasha
  1473 | D:2      | Killed Natasha
  1473 | D:2      | Reached skill level 4 in Shields
  1473 | D:2      | Reached XP level 5. HP: 23/33 MP: 5/5
  1620 | D:2      | Found a runed translucent door.
  1621 | D:2      | Noticed Crazy Yiuf
  1962 | D:4      | Noticed an ogre
  1969 | D:4      | Killed an ogre
  1969 | D:4      | Reached skill level 1 in Dodging
  1969 | D:4      | Reached XP level 6. HP: 30/38 MP: 6/6
  2012 | D:4      | Noticed Menkaure
  2022 | D:4      | Killed Menkaure
  2236 | D:4      | Found a blossoming altar of Fedhas.
  2237 | D:4      | Found a sacrificial altar of Ru.
  2238 | D:4      | Found a hazy altar of Hepliaklqana.
  2264 | D:4      | Reached skill level 5 in Shields
  2401 | D:4      | Reached XP level 7. HP: 30/43 MP: 7/7
  2417 | D:4      | Found a glowing golden altar of the Shining One.
  2425 | D:4      | Found a sand-covered staircase.
  2473 | Ossuary  | Entered an ossuary
  2628 | Ossuary  | Reached skill level 5 in Maces & Flails
  3208 | D:5      | Entered Level 5 of the Dungeon
  3311 | D:5      | Got a faintly glowing cloak
  3527 | D:4      | Identified the +1 cloak of Awno {rF+ rN+ Stlth+} (You found
                  | it on level 5 of the Dungeon)
  3672 | D:5      | Reached XP level 8. HP: 28/48 MP: 8/8
  3854 | D:5      | Reached skill level 6 in Shields
  3875 | D:5      | Found a radiant altar of Vehumet.
  3892 | D:5      | Reached skill level 5 in Fighting
  3892 | D:5      | Reached skill level 5 in Armour
  4457 | D:6      | Reached XP level 9. HP: 18/55 MP: 9/9
  4658 | D:6      | Found a staircase to the Ecumenical Temple.
  4669 | Temple   | Entered the Ecumenical Temple
  4692 | Temple   | Became a worshipper of Warmaster Okawaru
  4835 | D:6      | Reached skill level 7 in Shields
  5330 | D:6      | Found a blossoming altar of Fedhas.
  6206 | D:7      | Reached * piety under Okawaru
  6206 | D:7      | Reached skill level 1 in Invocations
  6588 | D:8      | Got an ancient robe
  6875 | D:8      | Reached XP level 10. HP: 43/63 MP: 11/11
  6889 | D:8      | Noticed Harold
  6905 | D:8      | Killed Harold
  6905 | D:8      | Reached skill level 8 in Shields
  6965 | D:8      | Noticed a two-headed ogre
  7067 | D:8      | Killed a two-headed ogre
  7067 | D:8      | Reached ** piety under Okawaru
  7251 | D:8      | Identified the cursed +0 robe of Etukkyud {rC+ Regen+
                  | Dex-5} (You found it on level 8 of the Dungeon)
  7431 | D:9      | Reached *** piety under Okawaru
  7431 | D:9      | Reached skill level 5 in Dodging
  7895 | D:9      | Reached XP level 11. HP: 49/68 MP: 14/14
  7903 | D:9      | Noticed a manticore
  7915 | D:9      | Killed a manticore
  8194 | D:9      | Reached **** piety under Okawaru
  8327 | D:9      | Reached skill level 9 in Shields
  8423 | D:9      | Reached skill level 5 in Invocations
  9274 | D:9      | Noticed a two-headed ogre
  9316 | D:9      | Killed a two-headed ogre
  9316 | D:9      | Reached ***** piety under Okawaru
  9323 | D:9      | Received a gift from Okawaru
  9672 | D:9      | Found a basalt altar of Yredelemnul.
  9734 | D:9      | Noticed a two-headed ogre
  9740 | D:9      | Killed a two-headed ogre
 10474 | D:10     | Entered Level 10 of the Dungeon
 11118 | D:10     | Found a staircase to the Orcish Mines.
 11200 | D:10     | Found a roughly hewn altar of Beogh.
 11627 | D:10     | Reached XP level 12. HP: 76/76 MP: 16/16
 12012 | D:11     | Noticed a death yak
 12023 | D:11     | Noticed a death yak
 12024 | D:11     | Noticed a death yak
 12034 | D:11     | Killed a death yak
 12051 | D:11     | Killed a death yak
 12060 | D:11     | Killed a death yak
 12060 | D:11     | Reached skill level 10 in Shields
 12078 | D:11     | Found a staircase to the Lair.
 12285 | D:11     | Noticed a two-headed ogre
 12297 | D:11     | Killed a two-headed ogre
 12458 | D:11     | Received a gift from Okawaru
 12461 | D:11     | Got a shimmering rapier {god gift}
 12851 | D:11     | Noticed a five-headed hydra
 12865 | D:11     | Killed a five-headed hydra
 12925 | Lair:1   | Entered Level 1 of the Lair of Beasts
 13106 | Lair:1   | You fall through a shaft!
 13205 | Lair:2   | Reached skill level 10 in Fighting
 13429 | Lair:1   | Reached skill level 10 in Maces & Flails
 13569 | Lair:1   | You fall through a shaft!
 13732 | Lair:2   | Reached skill level 10 in Armour
 14238 | Lair:3   | Noticed a catoblepas
 14263 | Lair:3   | Killed a catoblepas
 14263 | Lair:3   | Reached XP level 13. HP: 82/82 MP: 18/18
 14422 | Lair:3   | Noticed Sonja
 14430 | Lair:3   | Killed Sonja
 14670 | Lair:3   | Found a staircase to the Shoals.
 15258 | Lair:4   | Received a gift from Okawaru
 15369 | Lair:4   | Reached skill level 11 in Shields
 15440 | Lair:4   | Found a staircase to the Snake Pit.
 16275 | Lair:5   | Reached ****** piety under Okawaru
 16684 | Lair:5   | Received a gift from Okawaru
 16790 | Lair:6   | Entered Level 6 of the Lair of Beasts
 17084 | Lair:6   | Gained mutation: Your large and strong wings let you fly
                  | indefinitely. [Gargoyle growth]
 17084 | Lair:6   | Reached XP level 14. HP: 90/90 MP: 20/20
 17168 | Lair:6   | Received a gift from Okawaru
 17247 | Lair:6   | Got a fine scimitar {god gift}
 17383 | Lair:6   | Got an ichor-stained ring mail
 17462 | Lair:6   | Reached skill level 12 in Shields
 17601 | Lair:6   | Found a staircase to the Slime Pits.
 17701 | Lair:6   | Received a gift from Okawaru
 18286 | D:11     | Identified the cursed +1 ring mail "Alen" {Int+4} (You
                  | found it on level 6 of the Lair of Beasts)
 18358 | Orc:1    | Entered Level 1 of the Orcish Mines
 18377 | Orc:1    | Noticed Jorgrun
 18441 | D:10     | Killed Jorgrun
 18535 | Orc:1    | Noticed Erica
 18548 | Orc:1    | Killed Erica
 18793 | Orc:2    | Entered Level 2 of the Orcish Mines
 18910 | Orc:1    | Received a gift from Okawaru
 18922 | Orc:1    | Got crude gold dragon scales {god gift}
 19544 | Orc:1    | Identified the +3 gold dragon scales of Disaster {rPois rF+
                  | rC+ Dex+3} (Okawaru gifted it to you on level 1 of the
                  | Orcish Mines)
 19875 | Orc:2    | Found a staircase to the Elven Halls.
 19880 | Orc:2    | Noticed an orc warlord
 19913 | Orc:2    | Killed an orc warlord
 19919 | Orc:2    | Reached XP level 15. HP: 96/96 MP: 20/22
 20070 | Orc:2    | Found Tachurej's Weapon Shoppe.
 20070 | Orc:2    | Found Okuo's Armour Shoppe.
 20073 | Orc:2    | Found Umiklina's Food Emporium.
 20078 | Orc:2    | Found Toppol's Magic Scroll Emporium.
 20088 | Orc:2    | Bought a scroll of enchant armour for 82 gold pieces
 20088 | Orc:2    | Bought a scroll of identify for 22 gold pieces
 20088 | Orc:2    | Bought a scroll of magic mapping for 38 gold pieces
 20212 | Orc:2    | Noticed Saint Roka
 20251 | Orc:2    | Killed Saint Roka
 20814 | Orc:1    | Reached skill level 13 in Shields
 21179 | D:12     | Noticed Erolcha
 21187 | D:12     | Killed Erolcha
 21204 | D:12     | Found Miguixem's Antique Armour Boutique.
 21210 | D:12     | Bought a glowing hat for 266 gold pieces
 21246 | D:12     | Received a gift from Okawaru
 21257 | D:12     | Found a portal to a secret trove of treasure.
 21409 | D:12     | Reached skill level 10 in Invocations
 21984 | D:13     | Noticed Snorg
 22014 | D:13     | Killed Snorg
 22420 | D:13     | Noticed a storm dragon
 22477 | D:13     | Noticed a tengu reaver
 22487 | D:13     | Killed a storm dragon
 22487 | D:13     | Received a gift from Okawaru
 22489 | D:13     | Noticed a tengu reaver
 22508 | D:13     | Killed a tengu reaver
 22545 | D:13     | Killed a tengu reaver
 22562 | D:13     | Identified the cursed +1 long sword of Vanity {drain, MR+
                  | Int+3 SInv}
 22562 | D:13     | Identified the ring "Iluvep" {rC+ MP+9 Slay+3}
 22669 | D:13     | Got a polished rapier {god gift}
 23235 | D:14     | Reached XP level 16. HP: 98/104 MP: 23/23
 23265 | D:14     | Found an iron altar of Okawaru.
 23541 | D:14     | Received a gift from Okawaru
 23618 | D:14     | Found the +0 sword of Power
 23875 | D:14     | Found a gate to the Vaults.
 23884 | D:14     | Reached skill level 14 in Shields
 24014 | D:15     | Entered Level 15 of the Dungeon
 24021 | D:15     | Noticed Rupert
 24076 | D:14     | Killed Rupert
 24142 | D:15     | Found a staircase to the Depths.
 24212 | D:15     | Received a gift from Okawaru
 24703 | D:15     | Identified the +6 rapier of Desertification {venom, Str+4}
                  | (Okawaru gifted it to you on level 11 of the Dungeon)
 24704 | D:15     | Identified the +3 rapier "Jiboyr Syps" {elec, -Tele rC+
                  | Str+2} (Okawaru gifted it to you on level 13 of the
                  | Dungeon)
 24709 | D:15     | Identified the +7 scimitar "Orb Guardian's Curse" {protect,
                  | *Contam +Blink rPois SInv} (Okawaru gifted it to you on
                  | level 6 of the Lair of Beasts)
 24869 | Shoals:1 | Entered Level 1 of the Shoals
 25079 | Shoals:1 | Noticed Josephine
 25096 | Shoals:1 | Killed Josephine
 25130 | Shoals:1 | Received a gift from Okawaru
 25230 | Shoals:1 | Identified Roxanne's Reference Book on Clay
 25230 | Shoals:1 | Noticed Roxanne
 25902 | Shoals:2 | Noticed a kraken
 25948 | Shoals:2 | Killed a kraken
 25948 | Shoals:2 | Reached XP level 17. HP: 107/112 MP: 24/24
 26440 | Shoals:2 | Noticed Frances
 26455 | Shoals:2 | Killed Frances
 26455 | Shoals:2 | Reached skill level 15 in Shields
 26550 | Shoals:2 | Received a gift from Okawaru
 27341 | Shoals:3 | Reached skill level 15 in Fighting
 27561 | Shoals:3 | Reached skill level 15 in Armour
 27782 | Shoals:4 | Entered Level 4 of the Shoals
 27891 | Shoals:4 | Noticed Ilsuiw
 27941 | Shoals:4 | Killed Ilsuiw
 27941 | Shoals:4 | Received a gift from Okawaru
 28436 | Shoals:4 | Reached XP level 18. HP: 114/119 MP: 25/25
 28627 | Shoals:4 | Reached skill level 16 in Shields
 28642 | Shoals:4 | Reached skill level 15 in Maces & Flails
 28681 | Shoals:4 | Got a barnacled rune of Zot
 29368 | Shoals:4 | Got a smoking rapier
 29493 | Snake:1  | Entered Level 1 of the Snake Pit
 29562 | Snake:1  | Received a gift from Okawaru
 29694 | Snake:1  | Identified the +4 rapier of Action {protect, *Noise rN++
                  | Int+6} (You found it on level 4 of the Shoals)
 30307 | Snake:2  | Noticed Louise
 30308 | Snake:2  | Cast into level 3 of the Abyss (Louise)
 30471 | Snake:2  | Escaped the Abyss
 30527 | Snake:2  | Killed Louise
 31199 | Snake:2  | Received a gift from Okawaru
 31875 | Snake:3  | Reached XP level 19. HP: 127/127 MP: 26/26
 32654 | Snake:4  | Entered Level 4 of the Snake Pit
 32672 | Snake:4  | Found an iron altar of Okawaru.
 32704 | Snake:4  | Received a gift from Okawaru
 32748 | Snake:4  | Reached skill level 17 in Shields
 33119 | Snake:4  | Found Dourauru's Assorted Antiques.
 33715 | Snake:4  | Received a gift from Okawaru
 33851 | Snake:4  | Noticed Vashnia
 33907 | Snake:4  | Killed Vashnia
 34038 | Snake:4  | Got a serpentine rune of Zot
 34376 | Vaults:1 | Entered Level 1 of the Vaults
 34414 | Vaults:1 | Reached XP level 20. HP: 133/134 MP: 27/27
 34592 | Vaults:1 | Found a glowing golden altar of the Shining One.
 35202 | Vaults:1 | Received a gift from Okawaru
 35679 | Vaults:2 | Paralysed by a great orb of eyes for 7 turns
 36488 | Vaults:2 | Reached skill level 18 in Shields
 36507 | Vaults:2 | Paralysed by an orc sorcerer for 3 turns
 36541 | Vaults:2 | Received a gift from Okawaru
 36542 | Vaults:2 | Found the +10 dark maul {crush}
 36615 | Vaults:2 | Found Naakaar's Armour Shop.
 36691 | Vaults:2 | Bought a +1 cloak of magic resistance for 231 gold pieces
 36691 | Vaults:2 | Bought a +0 hat of magic resistance for 154 gold pieces
 37385 | Vaults:3 | Received a gift from Okawaru
 37664 | Vaults:3 | Found a staircase to the Crypt.
 37664 | Vaults:3 | Found an ancient bone altar of Kikubaaqudgha.
 37665 | Vaults:3 | Found a basalt altar of Yredelemnul.
 37698 | Vaults:3 | Found Unavay's Gadget Shop.
 38258 | Vaults:4 | Reached XP level 21. HP: 125/141 MP: 28/28
 38440 | Vaults:4 | Got a transparent war axe
 38449 | Vaults:4 | Found a runed translucent gate.
 38450 | Vaults:4 | Found a runed translucent gate.
 38450 | Vaults:4 | Found a runed translucent gate.
 38451 | Vaults:4 | Noticed bananaglory's ghost (veteran BaAr)
 38451 | Vaults:4 | Noticed Xaliud's ghost (adept MiGl)
 38497 | Vaults:4 | Killed Xaliud's ghost
 38577 | Vaults:4 | Killed bananaglory's ghost
 38613 | Vaults:4 | Reached XP level 22. HP: 143/148 MP: 29/29
 38751 | Vaults:4 | Received a gift from Okawaru
 38814 | Vaults:4 | Reached skill level 19 in Shields
 39615 | Vaults:4 | Identified the +10 war axe of Joseutsi {venom, Dex+4} (You
                  | found it on level 4 of the Vaults)
 39623 | Vaults:5 | Entered Level 5 of the Vaults
 39745 | Vaults:5 | Received a gift from Okawaru
 40044 | Vaults:5 | Noticed a golden dragon
 40044 | Vaults:5 | an iron dragon changed into a golden dragon
 40048 | Vaults:5 | a golden dragon changed into an acid blob
 40051 | Vaults:5 | Reached XP level 23. HP: 118/155 MP: 27/30
 40253 | Vaults:5 | Noticed an ancient lich
 40253 | Vaults:5 | Noticed a golden dragon
 40331 | Vaults:5 | Killed an ancient lich
 40331 | Vaults:5 | Received a gift from Okawaru
 40420 | Vaults:5 | Killed a golden dragon
 40516 | Vaults:5 | Reached skill level 20 in Shields
 40535 | Vaults:5 | Noticed Xtahua
 40543 | Vaults:5 | Killed Xtahua
 40774 | Vaults:5 | Got an ichor-stained chain mail {god gift}
 40774 | Vaults:5 | Got a pair of warped gloves {god gift}
 40826 | Vaults:5 | Found the +10 morningstar "Eos" {elec, Halo rElec}
 40903 | Vaults:5 | Noticed a golden dragon
 40922 | Vaults:5 | Killed a golden dragon
 40948 | Vaults:5 | Got a silver rune of Zot
 41127 | Vaults:5 | Identified the +8 chain mail of the Crown {rF+ rCorr Int-4}
                  | (Okawaru gifted it to you on level 5 of the Vaults)
 41128 | Vaults:5 | Identified the +5 pair of gloves of Puganaz {rF+ Stlth+}
                  | (Okawaru gifted it to you on level 5 of the Vaults)
 41183 | Vaults:5 | Reached skill level 1 in Long Blades
 41438 | Vaults:5 | Identified Sif Muna's Collected Works on the Oath and
                  | Arcane Weapons
 41449 | Vaults:5 | Identified Ryanagac's Easy Wizardry
 41883 | Depths:1 | Entered Level 1 of the Depths
 41915 | Depths:1 | Received a gift from Okawaru
 41941 | Depths:1 | Reached XP level 24. HP: 141/163 MP: 30/30
 41956 | Depths:1 | Got a sapphire fustibalus
 42033 | D:15     | Identified the +7 fustibalus of Descent {flame, rPois} (You
                  | found it on level 1 of the Depths)
 42389 | Depths:1 | Found a one-way gate leading to the halls of Pandemonium.
 42620 | Depths:1 | Reached skill level 5 in Long Blades
 42756 | Depths:1 | Received a gift from Okawaru
 42804 | Depths:1 | Found a gateway to Hell.
 43213 | Depths:2 | Paralysed by a floating eye for 3 turns
 43227 | Depths:2 | Paralysed by a floating eye for 2 turns
 43235 | Depths:2 | Paralysed by a floating eye for 4 turns
 43502 | Depths:2 | Found a glowing silver altar of Zin.
 43699 | Depths:2 | Received a gift from Okawaru
 43704 | Depths:2 | Got a dazzling morningstar {god gift}
 44404 | Depths:2 | Identified the +4 morningstar of Discretion {vamp, +Inv
                  | rPois Str-4} (Okawaru gifted it to you on level 2 of the
                  | Depths)
 44571 | Orc:2    | Bought a scroll of teleportation for 33 gold pieces
 45008 | D:3      | Found a snail-covered altar of Cheibriados.
 45020 | D:3      | Noticed Jessica
 45022 | D:3      | Killed Jessica
 45497 | D:12     | You paid a toll of 15 scrolls of teleportation to enter a
                  | treasure trove
 45498 | Trove    | Entered a treasure trove
 45498 | Trove    | Found the amulet of Vitality {Regen+ HP+15}
 45505 | Trove    | Got a clouded iron amulet
 45509 | Trove    | Got a fine turquoise ring
 45511 | Trove    | Got a flickering iron ring
 45522 | Trove    | Got a brightly glowing turquoise ring
 45525 | Trove    | Got a wavering silver ring
 45532 | Trove    | Got a bound tin ring
 45601 | D:12     | Identified the amulet "Ugypacum" {*Drain rF+++ Regen+ Str-3
                  | Stlth+} (You found it in a treasure trove)
 45603 | D:12     | Identified the ring of Figg {MR++ Int-4 Dex+9 SInv Stlth+}
                  | (You found it in a treasure trove)
 45605 | D:12     | Identified the ring "Fuwu Gyu" {rPois Str+2 Int+3} (You
                  | found it in a treasure trove)
 45611 | D:12     | Identified the ring of Ythrail {rF++ rN+} (You found it in
                  | a treasure trove)
 45617 | D:12     | Identified the ring of Voevaupn {rN+ Dex+2} (You found it
                  | in a treasure trove)
 45622 | D:12     | Identified the ring of Yesterday {rF+ Str+5 Dex+3} (You
                  | found it in a treasure trove)
 45841 | Elf:1    | Entered Level 1 of the Elven Halls
 45847 | Elf:1    | Reached skill level 21 in Shields
 46041 | Elf:1    | Reached XP level 25. HP: 170/170 MP: 30/30
 46639 | Elf:1    | Found Oring's Magic Scroll Shop.
 46639 | Elf:1    | Found Feps's Weapon Shop.
 46643 | Elf:1    | Found Gariprudy's Jewellery Shop.
 46643 | Elf:1    | Found Pipek's Assorted Antiques.
 47059 | Elf:2    | Gained mutation: You are clumsy. (Dex -2) [a cacodemon]
 47061 | Elf:2    | Found Getuigy's Assorted Antiques.
 47077 | Elf:2    | Bought a pair of embroidered boots for 247 gold pieces
 47164 | Elf:2    | Found a runed translucent gate.
 47164 | Elf:2    | Found a runed translucent gate.
 47164 | Elf:2    | Found a runed translucent gate.
 47383 | Elf:2    | Reached skill level 10 in Long Blades
 47614 | Elf:3    | Entered Level 3 of the Elven Halls
 47670 | Elf:3    | Found Xyeluo's Magic Scroll Shoppe.
 47704 | Elf:3    | Bought a scroll of enchant armour for 112 gold pieces
 47710 | Elf:3    | Found Ynginosk's Magic Scroll Shoppe.
 47761 | Elf:3    | Noticed Agnes
 47770 | Elf:3    | Killed Agnes
 47786 | Elf:3    | Received a gift from Okawaru
 47890 | Elf:3    | Found Laemosine's Jewellery Boutique.
 47917 | Elf:3    | Found Zoadukeu's Magic Scroll Emporium.
 47931 | Elf:3    | Found Omnaevac's Antique Weapon Emporium.
 47940 | Elf:3    | Bought a scroll of enchant armour for 75 gold pieces
 47940 | Elf:3    | Bought a scroll of enchant armour for 75 gold pieces
 48825 | Elf:3    | Received a gift from Okawaru
 49189 | Elf:3    | Identified the +2 flail of Wyrd {flame, Int+5}
 49189 | Elf:3    | Identified the cursed +0 leather armour of Orthodoxy
                  | {*Corrode Regen+ MP+9 Slay+5}
 49200 | Elf:3    | Gained mutation: You are very clumsy. (Dex -4) [a neqoxec]
 49340 | Elf:3    | Identified the Tome of Arcane Weapons
 49366 | Elf:3    | Identified the cursed +1 lajatang of Distraction {pain,
                  | rF++ Int+4 Dex-2}
 49474 | Elf:3    | Identified the Catalogue of Feathers and Beguiling
 49579 | Elf:3    | Identified a scroll of acquirement
 49583 | Elf:3    | Got a polished cloak
 49586 | Elf:3    | Identified the +1 cloak of Sin {MP+9} (You acquired it on
                  | level 3 of the Elven Halls)
 49859 | Hell     | Entered the Vestibule of Hell
 49859 | Hell     | Noticed Geryon
 50185 | Hell     | Reached XP level 26. HP: 175/177 MP: 30/30
 50625 | Hell     | Killed Geryon
 50670 | Hell     | Found a gateway to the decaying netherworld of Tartarus.
 50747 | Hell     | Found a gateway to the freezing wastes of Cocytus.
 50862 | Hell     | Found a gateway to the Iron City of Dis.
 50896 | Hell     | Found a gateway to the ashen valley of Gehenna.
 51029 | Geh:1    | Entered Level 1 of Gehenna
 51275 | Geh:3    | Reached skill level 1 in Evocations
 51393 | Geh:3    | Received a gift from Okawaru
 51393 | Geh:3    | Reached skill level 22 in Shields
 51463 | Geh:3    | Killed from afar by a Brimstone Fiend

Skill      XL: |  1  2  3  4  5  6  7  8  9 10 11 12 13 14 15 16 17 18 19 20 21 22 23 24 25 26 |
---------------+-------------------------------------------------------------------------------+-----
Maces & Flails | 3 4 5 6 7 8 9 10 11 12 13 14 15 16 17 18 19 20 | 20.6
Armour         | 4 5 6 7 9 10 11 12 13 14 15 16 17 18 19 20 21 | 21.8
Shields        | 4 5 6 7 8 9 10 11 12 13 14 15 16 17 18 19 20 21 22 | 22.0
Dodging        | 1 2 3 4 5 6 7 8 9 |  9.6
Fighting       | 4 5 7 8 9 10 11 12 13 14 15 16 17 18 19 20 21 | 21.8
Invocations    | 2 4 6 7 9 10 | 10.1
Long Blades    | 3 8 11 12 | 12.3
Evocations     | 2 |  2.3
Stealth        | |  0.2

Action                   |  1- 3 |  4- 6 |  7- 9 | 10-12 | 13-15 | 16-18 | 19-21 | 22-24 | 25-27 || total
-------------------------+-------+-------+-------+-------+-------+-------+-------+-------+-------++-------
Melee: Flail             |   102 |   155 |   173 |       |       |       |       |       |       ||   430
       Morningstar       |       |       |   497 |   689 |       |       |       |   695 |  1168 ||  3049
       Demon whip        |       |       |       |   355 |  2323 |  2384 |  2041 |  1441 |       ||  8544
       Eveningstar       |       |       |       |       |       |    44 |       |       |       ||    44
Invok: Heroism           |       |       |     3 |    22 |     9 |     7 |     4 |     6 |     8 ||    59
       Finesse           |       |       |       |       |     2 |     2 |     4 |     4 |     6 ||    18
 Abil: Fly               |       |       |       |       |     1 |       |       |       |       ||     1
  Use: Potion            |       |     1 |     3 |     1 |     1 |     3 |     1 |     1 |       ||    11
       Scroll            |       |       |       |    22 |     7 |     3 |     1 |    18 |     8 ||    59
 Stab: Petrified         |       |       |       |     3 |       |       |       |       |       ||     3
  Eat: Chunk             |     1 |     4 |     9 |    20 |    33 |    24 |    16 |    23 |    15 ||   145
       Ration            |       |       |     2 |     3 |       |     3 |     2 |     1 |     1 ||    12
Armor: Scale mail        |    68 |    84 |   240 |       |       |       |       |       |       ||   392
       Chain mail        |       |       |    79 |   357 |       |       |       |       |       ||   436
       Plate armour      |       |       |       |    68 |   388 |       |       |       |       ||   456
       Gold dragon scale |       |       |       |       |   284 |   884 |   687 |   792 |   755 ||  3402
Dodge: Dodged            |    35 |    41 |   215 |   269 |   306 |   362 |   288 |   352 |   441 ||  2309
Block: Shield            |    64 |    89 |   391 |   467 |       |       |       |       |       ||  1011
       Large shield      |       |       |       |   232 |  2099 |  2478 |  1796 |  1744 |  1646 ||  9995
       Reflection        |       |       |       |     5 |    54 |   131 |   166 |    85 |    67 ||   508
